 Dungeon Crawl Stone Soup version 0.29.1-2-gbd0b4ee654 (webtiles) character file.

Game seed: 4264200585253293484

464 tevo3000 the Sneak (level 6, 0/28 HPs)
             Began as a Felid Monk on Nov 28, 2022.
             Slain by a black bear (5 damage)
             ... on level 6 of the Dungeon.
             The game lasted 00:15:45 (5169 turns).

tevo3000 the Sneak (Felid Monk)                     Turns: 5169, Time: 00:15:46

Health: 0/28       AC:  2    Str:  7    XL:     6   Next: 80%
Magic:  7/7        EV: 21    Int: 11    God:
Gold:   223        SH:  0    Dex: 21    Spells: 3/5 levels left
                                        Lives:  0   Deaths: 1

rFire   . . .      SeeInvis +     - Unarmed
rCold   . . .      Faith    +   (shield unavailable)
rNeg    . . .      Spirit   .   (body armour unavailable)
rPois   .          Reflect  .   (helmet unavailable)
rElec   .          Harm     .   (cloak unavailable)
rCorr   .          Rampage  .   (gloves unavailable)
Will    .....                   (boots unavailable)
Stlth   ++++......              t - amulet of faith
HPRegen 0.09/turn               (no ring)
MPRegen 0.10/turn               (no ring)

@: quick
A: very small, claws 1, fangs 3, see invisible, speed 1, shaggy fur 2, stealthy
paws, no weapons or thrown items, no armour, multi-lived
a: no special abilities


You were on level 6 of the Dungeon.
You visited 2 branches of the dungeon, and saw 7 of its levels.

You collected 223 gold pieces.

Inventory:

Jewellery
 d - a ring of protection from fire
 r - a ring of flight
 t - an amulet of faith (around neck)
 B - an amulet of guardian spirit
Wands
 u - a wand of paralysis (10)
 z - a wand of polymorph (4)
Scrolls
 a - 2 scrolls of immolation {unknown}
 c - a scroll of summoning {unknown}
 e - a scroll of enchant weapon {unknown}
 f - a scroll of torment {unknown}
 k - 3 scrolls of amnesia {unknown}
 l - 3 scrolls of identify
 m - a scroll of brand weapon {unknown}
 o - 4 scrolls of noise
 s - a scroll of vulnerability {unknown}
 v - a scroll of fog {unknown}
 w - 2 scrolls of poison {unknown}
 y - a scroll of magic mapping {unknown}
Potions
 b - 2 potions of attraction
 g - a potion of degeneration {unknown}
 h - a potion of mutation {unknown}
 i - 2 potions of curing {unknown}
 j - a potion of brilliance {unknown}
 n - a potion of lignification
 p - 2 potions of resistance {unknown}
 q - a potion of might {unknown}
 x - a potion of ambrosia
 A - a potion of berserk rage {unknown}
 C - a potion of cancellation {unknown}


   Skills:
 - Level 3.0 Fighting
 + Level 6.1 Dodging
 * Level 7.6 Stealth
 * Level 5.9 Unarmed Combat


You had 3 spell levels left.
You knew the following spells:

 Your Spells              Type           Power      Damage    Failure   Level
a - Wereblood             Tmut           0%         N/A       47%         2

Your spell library contained the following spells:

 Spells                   Type           Power      Damage    Failure   Level
 Slow                     Hex            0%         N/A       34%         1
 Sublimation of Blood     Necr           0%         N/A       47%         2
 Confusing Touch          Hex            0%         N/A       71%         3
 Tukima's Dance           Hex            0%         N/A       71%         3
 Vampiric Draining        Necr           0%         2d6       71%         3
 Hailstorm                Conj/Ice       0%         3d3       98%         4
 Ice Form                 Ice/Tmut       0%         N/A       98%         4
 Blade Hands              Tmut           0%         N/A       100%        5
 Simulacrum               Ice/Necr       0%         N/A       100%        6
 Summon Hydra             Summ           0%         N/A       100%        7
 Portal Projectile        Hex/Tloc       Unusable   N/A       N/A         3

Dungeon Overview and Level Annotations

Branches:
Dungeon (6/15)             Temple (1/1) D:4

Altars:
Ashenzari
Elyvilon
Fedhas
Gozag
Hepliaklqana
Kikubaaqudgha
Nemelex Xobeh
Okawaru
Qazlal
Ru
Trog
Uskayaw
Wu Jian
Xom
Zin
The Shining One

Annotations:
D:4 Grinder, Pikel


Innate Abilities, Weirdness & Mutations

You have sharp claws.
You have razor-sharp teeth.
You have supernaturally acute eyesight. (SInv)
You cover ground quickly. (Speed+)
You are covered in thick fur. (AC +2)
Your paws help you pounce on unaware monsters.
You are incapable of wielding weapons or throwing items.
You cannot wear armour.
You gain extra lives every three experience levels.


Message History

HP restored.
Found a bubbling inky potion.
A scorpion, a black bear and an orc come into view.
Found a scroll labelled POKHAITUCE.
You scratch the black bear but do no damage.
The black bear bites you. The black bear claws you.
The black bear closely misses you.
You claw the black bear!
The black bear is moderately wounded.
The black bear misses you. The black bear claws you.
The black bear completely misses you.
You scratch the black bear.
The black bear is moderately wounded.
You closely miss the black bear.
The black bear is moderately wounded.
The black bear closely misses you. The black bear claws you.
The black bear misses you.
You scratch the black bear.
The black bear is moderately wounded.
The black bear barely misses you. The black bear claws you. x2
You completely miss the black bear. You claw the black bear!
The black bear is severely wounded.
The black bear closely misses you. The black bear claws you.
The black bear closely misses you.
You scratch the black bear. Your claw misses the black bear.
The black bear is severely wounded.
The jelly completely misses you.
The black bear goes berserk!
You scratch the black bear.
The black bear is almost dead.
The black bear misses you. The black bear closely misses you.
The black bear misses you. The jelly closely misses you.
You closely miss the black bear.
The black bear is almost dead.
The black bear misses you. x2; The black bear barely misses you.
The jelly hits you.
You are splashed with acid.
* * * LOW HITPOINT WARNING * * *
The black bear misses you. The black bear claws you.
* * * LOW HITPOINT WARNING * * *
The black bear claws you.
You die...

.. ... #.# #.# .... ...
.#.#.#.#.# ..........
#.#.#.#.### .......s..#
#.#.#.#@#.# ......Jh..#
####
.#.#.#.#.#.##########....
.....!.....##......#†....
.#.#.#.#.#.............#
.......>.##......#####
#.#.#.#.#..#......# #
?...!......#......# ##.
#o#.#.#.#..#......###...


You could see a black bear (berserk), a scorpion and a jelly.

Vanquished Creatures
  A phantom (D:4)
  A bullfrog (D:6)
  A necrophage (D:6)
  2 scorpions
  Ijyb (D:3)
  2 iguanas
  An orc wizard (D:3)
  3 gnolls (D:3)
  8 adders
  A shadow imp (D:5)
  A white imp (D:4)
  3 ufetubi
  3 worms (D:2)
  4 dart slugs
  3 orcs (D:4)
  12 endoplasms
  7 giant cockroaches
  4 goblins
  3 hobgoblins
  2 jackals (D:2)
  2 quokkas (D:2)
  5 ball pythons
  9 bats
  7 frilled lizards
  7 kobolds
  6 rats
99 creatures vanquished.

Notes
Turn   | Place    | Note
-------+----------+-------------------------------------------
     0 | D:1      | tevo3000 the Felid Monk began the quest for the Orb.
     0 | D:1      | Reached XP level 1. HP: 10/10 MP: 2/2
    64 | D:1      | Reached skill level 3 in Stealth
   238 | D:1      | Reached XP level 2. HP: 14/14 MP: 3/3
   438 | D:1      | Found a faded altar of an unknown god.
   661 | D:1      | Reached XP level 3. HP: 17/17 MP: 4/4
   931 | D:2      | Reached skill level 4 in Stealth
  1436 | D:2      | Reached XP level 4. HP: 7/21 MP: 5/5
  1733 | D:2      | Learned a level 2 spell: Wereblood
  2375 | D:3      | Found a glowing silver altar of Zin.
  2596 | D:3      | Reached skill level 5 in Stealth
  2805 | D:3      | Reached XP level 5. HP: 4/24 MP: 6/6
  3172 | D:3      | Reached skill level 5 in Dodging
  3449 | D:4      | Noticed a phantom
  3475 | D:4      | Killed a phantom
  3476 | D:4      | Reached skill level 6 in Stealth
  3525 | D:4      | Gained mutation: You are covered in thick fur. (AC +2)
                  | [Felid growth]
  3525 | D:4      | Reached XP level 6. HP: 25/28 MP: 7/7
  3601 | D:4      | Found a staircase to the Ecumenical Temple.
  3612 | Temple   | Entered the Ecumenical Temple
  3879 | D:4      | Reached skill level 5 in Unarmed Combat
  4094 | D:4      | Noticed Ijyb
  4121 | D:3      | Killed Ijyb
  4247 | D:4      | Noticed Pikel
  4378 | D:4      | Noticed Grinder
  4661 | D:5      | Entered Level 5 of the Dungeon
  4662 | D:5      | Noticed a water moccasin
  4691 | D:5      | HP: 1/28 [poisoned by a scorpion]
  4692 | D:5      | Succumbed to a scorpion's poison
  4693 | D:5      | Reached XP level 5. HP: -1/36 MP: 6/6
  4693 | D:5      | Found a hazy altar of Hepliaklqana.
  5025 | D:6      | Reached skill level 7 in Stealth
  5025 | D:6      | Reached XP level 6. HP: 28/28 MP: 7/7
  5169 | D:6      | Slain by a black bear

Illustrated notes

Levels and vault maps discovered:
D:1:      lemuel_arrival_cross, layout_rooms,
          chequers_ecumenical_altar_simple_redux, dreamdust_mushroom_princess,
          minmay_split_cup_small
D:2:      layout_rooms, minivault_14
D:3:      layout_basic, zin_statuary, kennysheep_generic_room_8
D:4:      layout_cave_pools, minmay_temple_entry_grid, st_stairs_2,
          hangedman_abyss_or_decor_lesser_grid, uniq_grinder, uniq_ijyb,
          uniq_pikel
D:5:      layout_basic, lemuel_coloured_pillars_altar, kennysheep_dice
D:6:      layout_rooms, mainiacjoe_overflow_24_doors, st_stairs_11
Temple:   eino_narrow_crystal_temple

Skill      XL: |  1  2  3  4  5  6 |
---------------+-------------------+-----
Stealth        | 3 4 5 7 |  7.6
Unarmed Combat | 4 5 |  5.9
Dodging        | 5 6 |  6.1
Fighting       | |  3.0

Action                   |  1- 3 |  4- 6 || total
-------------------------+-------+-------++-------
Melee: Unarmed           |    90 |   221 ||   311
       Bite              |     6 |    17 ||    23
       Punch             |     1 |     7 ||     8
  Use: Potion            |     3 |     5 ||     8
       Scroll            |       |     1 ||     1
 Stab: Sleeping          |    12 |     8 ||    20
Armor: Skin              |     4 |    10 ||    14
Dodge: Dodged            |    85 |   193 ||   278
